 Dungeon Sprint DCSS version 0.25-a0-425-g0e000e855e (webtiles) character file.

Game seed: 11120605812644090645, levelgen mode: deterministic

109 Morrissey the Spear-Bearer (level 4, -1/40 HPs)
             Began as a Merfolk Gladiator on Jan 24, 2020.
             Killed from afar by a deep elf mage (23 damage)
             ... with a bolt of lightning
             ... in the Dungeon (Sprint III: "The Ten Rune Challenge").
             The game lasted 00:01:05 (351 turns).

Morrissey the Spear-Bearer (Merfolk Gladiator)       Turns: 351, Time: 00:01:06

Health: -1/40      AC:  4    Str: 14    XL:     4   Next: 90%
Magic:  4/4        EV: 17    Int:  7    God:
Gold:   12         SH:  0    Dex: 16    Spells: 3/3 levels left

rFire    . . .     SeeInvis .   a - +0 trident
rCold    . . .     Gourm    .   (no shield)
rNeg     . . .     Faith    .   b - +0 leather armour
rPois    .         Spirit   .   c - +0 helmet
rElec    .         Reflect  .   (no cloak)
rCorr    .         Harm     .   (no gloves)
MR       .....     NoTele   +   (no boots)
Stlth    +.........             (no amulet)
HPRegen  0.13/turn              (no ring)
MPRegen  0.09/turn              (no ring)

@: no status effects
A: change form in water, swift swim, stealthy swim
a: no special abilities


You were in the Dungeon.
You were not hungry.

You visited 1 branch You collected 12 gold pieces.

Inventory:

Hand Weapons
 a - a +0 trident (weapon)
Missiles
 d - 3 throwing nets (quivered)
Armour
 b - a +0 leather armour (worn)
 c - a +0 helmet (worn)
Scrolls
 k - a scroll of blinking
 m - a scroll of amnesia {unknown}
 n - a scroll of enchant armour {unknown}
 o - a scroll of torment {unknown}
 p - 2 scrolls of enchant weapon {unknown}
 r - a scroll of immolation {unknown}
 s - a scroll of identify {unknown}
 t - 2 scrolls of remove curse
Potions
 e - a potion of curing
 g - a potion of heal wounds
 h - a potion of haste
 i - 2 potions of magic
 q - 3 potions of flight
Comestibles
 f - 3 rations


   Skills:
 + Level 6.1 Fighting
 + Level 8.8 Polearms
 - Level 2.0 Throwing
 + Level 8.0 Dodging


You had 3 spell levels left.
You didn't know any spells.
Your spell library was empty.

Dungeon Overview and Level Annotations

Branches:
Dungeon (1/1)

Altars:
Elyvilon
Zin
The Shining One


Message History

The deep elf mage is heavily wounded.
The deep elf mage gestures at you while chanting.
The bolt of lightning misses you.
You closely miss the deep elf mage.
The deep elf mage is heavily wounded.
The deep elf mage hits you with a +1 long sword of holy wrath!
You barely miss the deep elf mage.
The deep elf mage is heavily wounded.
The deep elf mage hits you with a +1 long sword of holy wrath!
You are too injured to fight recklessly!
You are too injured to fight recklessly!
You are too injured to fight recklessly!
Your leather armour prevents you from hitting the deep elf mage.
The deep elf mage is heavily wounded.
You barely miss the deep elf mage.
The deep elf mage is heavily wounded.
The deep elf mage gestures at you while chanting.
The bolt of lightning hits you!!
Ouch! That really hurt!
You die...

▓▓▓▓ ▓▓▓ ...####
##.#####
...)..#####..#___#
.......#!!#..#!e.#
#.##...#..#..###@#+###+#
#.###..##'#..#..........
##.##..###...'.⌠........
..##..####...#...######+
÷.##..###....#.⌠.#
.##...##.....#...#
##....#......#+###
##..##.#.....#
#..#####....#


You could see a deep elf mage.

Vanquished Creatures
  A water elemental (D)
  Jessica (D)
  A human (D)
  A phantom (D)
  3 rats (D)
7 creatures vanquished.

Vanquished Creatures (others)
  2 draconian scorchers (D)
  3 yaktaurs (D)
  6 hellions (D)
11 creatures vanquished.

Grand Total: 18 creatures vanquished

Notes
Turn   | Place    | Note
-------+----------+-------------------------------------------
     0 | D        | Morrissey the Merfolk Gladiator began the quest for the
                  | Orb.
     0 | D        | Reached XP level 1. HP: 16/16 MP: 1/1
    62 | D        | Noticed Jessica
    71 | D        | Killed a hellion
    76 | D        | Killed Jessica
    76 | D        | Reached XP level 2. HP: 25/25 MP: 2/2
    76 | D        | Reached XP level 3. HP: 30/30 MP: 3/3
   110 | D        | Killed a hellion
   110 | D        | Killed a hellion
   111 | D        | Killed a hellion
   132 | D        | Killed a hellion
   132 | D        | Killed a white draconian scorcher
   189 | D        | Killed a hellion
   211 | D        | Killed a yaktaur
   256 | D        | Killed a yaktaur
   263 | D        | Killed a yaktaur
   289 | D        | Noticed a water elemental
   292 | D        | Killed a water elemental
   292 | D        | Reached XP level 4. HP: 40/40 MP: 4/4
   299 | D        | Killed a white draconian scorcher
   341 | D        | Found a glowing silver altar of Zin.
   341 | D        | Found a glowing golden altar of the Shining One.
   341 | D        | Found a white marble altar of Elyvilon.
   342 | D        | Noticed a deep elf mage
   351 | D        | Killed from afar by a deep elf mage

Levels and vault maps discovered:
D:        dungeon_sprint_mu [sprint_mu_entry_cave, sprint_mu_temple_rooms,
          sprint_mu_d1_spiders, sprint_mu_d2_genie, sprint_mu_d3_branching,
          sprint_mu_orc_legion, sprint_mu_elf_gauntlet, sprint_mu_hive_nellie,
          sprint_mu_lair_fedhas, sprint_mu_vaults_butterflies,
          sprint_mu_slime_circle, sprint_mu_swamp_cave, sprint_mu_snake_twists,
          sprint_mu_blade_basic, sprint_mu_crypt_lich, sprint_mu_tomb_spiral,
          sprint_mu_vestibule_basic, sprint_mu_gehenna_hellfire,
          sprint_mu_dis_giant, sprint_mu_tartarus_statrot,
          sprint_mu_cocytus_islands, sprint_mu_zot1]

Skill      XL: |  1  2  3 |
---------------+----------+-----
Fighting       | 4 6 |  6.1
Polearms       | 6 8 |  8.8
Dodging        | 6 8 |  8.0
Throwing       | |  2.0

Action                   |  1- 3 |  4- 6 || total
-------------------------+-------+-------++-------
Melee: Trident           |    50 |     9 ||    59
  Use: Potion            |     1 |       ||     1
 Stab: Sleeping          |       |     1 ||     1
Armor: Leather armour    |     2 |       ||     2
Dodge: Dodged            |    29 |     3 ||    32

Table legend:
 A = Non-vault XP
 B = Vault XP
 C = Vault XP percentage of total XP
 D = Non-vault monster count
 E = Vault monster count
 F = Vault count percentage of total count
                 A         B        C        D         E       F
            +---------+---------+-------+---------+---------+-------
      Total |       0 |     157 | 100.0 |       0 |       7 | 100.0
            +---------+---------+-------+---------+---------+-------
          D |       0 |     157 | 100.0 |       0 |       7 | 100.0
            +---------+---------+-------+---------+---------+-------
